 Dungeon Crawl Stone Soup version 0.29.0-5-ge4962eb29e (webtiles) character file.

Game seed: 16888906577476782634

5588 apoch the Cleaver (level 10, 0/93 HPs)
             Began as a Minotaur Fighter on Aug 28, 2022.
             Was a Priest of Cheibriados.
             Slain by a troll (10 damage)
             ... on level 9 of the Dungeon.
             The game lasted 00:15:14 (8533 turns).

apoch the Cleaver (Minotaur Fighter)                Turns: 8533, Time: 00:15:14

Health: 0/93       AC: 13    Str: 32    XL:     10   Next: 45%
Magic:  14/14      EV: 12    Int: 11    God:    Cheibriados [***...]
Gold:   528        SH:  5    Dex: 15    Spells: 9/9 levels left

rFire   . . .      SeeInvis .   a - +0 war axe
rCold   . . .      Faith    .   c - +0 buckler
rNeg    + . .      Spirit   .   M - +0 swamp dragon scales
rPois   +          Reflect  .   (helmet restricted)
rElec   .          Harm     .   x - +0 cloak
rCorr   .          Rampage  .   (no gloves)
Will    +....                   E - +0 pair of boots
Stlth   +.........              (no amulet)
HPRegen 0.25/turn               e - ring of willpower
MPRegen 0.14/turn               g - ring of positive energy

@: very slow
A: horns 2, retaliatory headbutt
a: Renounce Religion, Bend Time, Temporal Distortion


You were on level 9 of the Dungeon.
You worshipped Cheibriados.
Cheibriados was most pleased with you.
You visited 2 branches of the dungeon, and saw 10 of its levels.

You collected 528 gold pieces.

Inventory:

Hand Weapons
 a - a +0 war axe (weapon)
 b - a +2 morningstar
 s - a +5 flail of freezing
 L - a +0 morningstar
Missiles
 j - 4 boomerangs
 k - a curare-tipped dart
 o - 22 poisoned darts
Armour
 c - a +0 buckler (worn)
 m - a +1 plate armour
 x - a +0 cloak (worn)
 E - a +0 pair of boots (worn)
 J - the +8 scale mail of the Fiddle {Fly rC+ Int+7 Dex-2}
   (You found it on level 6 of the Dungeon)

   Int:       It affects your intelligence (+7).
   Dex:       It affects your dexterity (-2).
   rC:        It protects you from cold.
   Fly:       It grants you flight.
 M - +0 swamp dragon scales (worn)
Jewellery
 e - a ring of willpower (left hand)
 g - a ring of positive energy (right hand)
 A - a ring of resist corrosion
Wands
 h - a wand of digging (8)
 p - a wand of acid (12)
 v - a wand of roots (11)
 B - a wand of flame (13)
 F - a wand of polymorph (9)
Scrolls
 l - 6 scrolls of teleportation
 q - 3 scrolls of fog
 r - 2 scrolls of magic mapping
 y - a scroll of enchant armour
Potions
 d - a potion of magic {unknown}
 f - 2 potions of curing
 i - 2 potions of berserk rage
 n - 2 potions of flight
 t - 2 potions of lignification
 u - a potion of attraction
 w - 2 potions of brilliance
 z - a potion of degeneration {unknown}
 C - a potion of heal wounds {unknown}
 H - a potion of ambrosia {unknown}
 I - a potion of cancellation {unknown}
 K - a potion of resistance {unknown}


   Skills:
 - Level 10.0 Fighting
 - Level 10.0 Axes
 - Level 10.0 Armour
 + Level 4.0 Dodging
 - Level 3.6 Shields
 + Level 6.8 Invocations


You had 9 spell levels left.
You didn't know any spells.
Your spell library contained the following spells:

 Spells                   Type           Power      Damage    Failure   Level
 Beastly Appendage        Tmut           0%         N/A       52%         1
 Necrotise                Necr           0%         1d4       52%         1
 Slow                     Hex            0%         N/A       52%         1
 Wereblood                Tmut           0%         N/A       67%         2
 Confusing Touch          Hex            0%         N/A       88%         3
 Inner Flame              Hex/Fire       0%         N/A       88%         3
 Spider Form              Tmut/Pois      0%         N/A       88%         3
 Vampiric Draining        Necr           0%         2d6       88%         3
 Cause Fear               Hex            0%         N/A       99%         4
 Agony                    Necr           0%         N/A       100%        5
 Discord                  Hex            0%         N/A       100%        8


Dungeon Overview and Level Annotations

Branches:
Dungeon (8/15)             Temple (1/1) D:5
   Lair: D:8-11

Altars:
Ashenzari
Cheibriados
Dithmenos
Elyvilon
Fedhas
Gozag
Hepliaklqana
Kikubaaqudgha
Makhleb
Nemelex Xobeh
Okawaru
Qazlal
Ru
Sif Muna
Trog
Uskayaw
Vehumet
Wu Jian
Xom
Yredelemnul
Zin
The Shining One


Innate Abilities, Weirdness & Mutations

You have a pair of horns on your head.
You reflexively headbutt those who attack you in melee.


Message History

The orc warrior hits you with a +0 trident!
The troll shouts!
You hit the orc warrior.
The orc warrior is lightly wounded.
The orc warrior hits you with a +0 trident!
You hit the orc warrior. Your headbutt misses the orc warrior.
The orc warrior is lightly wounded.
The orc warrior hits you with a +0 trident!
You hit the orc warrior. Your headbutt misses the orc warrior.
The orc warrior is lightly wounded.
The orc warrior misses you.
You slash the orc warrior! Your headbutt misses the orc warrior.
The orc warrior is severely wounded.
You slash the orc warrior!
The orc warrior hits you with a +0 battleaxe!
The orc warrior hits you with a +0 trident.
The orc warrior hits you with a +0 battleaxe.
* * * LOW HITPOINT WARNING * * *
The orc warrior barely misses you.
You hit the orc warrior. Your headbutt misses the orc warrior.
The orc warrior is heavily wounded.
You slash the orc warrior!
You kill the orc warrior!
Cheibriados appreciates the change of pace.
You can now warp the flow of time around you.
You block the orc warrior's attack.
Your Dodging skill increases to level 4!
You hit the orc warrior but do no damage.
The orc warrior is heavily wounded.
You closely miss the troll. You block the troll's attack. The troll claws you.
* * * LOW HITPOINT WARNING * * *
The troll claws you!
* * * LOW HITPOINT WARNING * * *
The orc warrior completely misses you.
You closely miss the orc warrior. Your headbutt misses the orc warrior.
The orc warrior is heavily wounded.
You hit the troll. The orc warrior barely misses you. The troll bites you!
* * * LOW HITPOINT WARNING * * *
The troll closely misses you. The troll claws you!
You die...

<.... . ..... ..##
##..< ..(.###...#
..........
#......# #..)o.##
##### #.T@).#
##...### #...(.#
##......#
##..))####...#...#
##..()#....###..#
#####†..>## #..#
#...## #..# #..##
#..# #### #..#
#..# ##..# #..#
#..#


You could see a troll and an orc warrior.

Vanquished Creatures
  2 two-headed ogres
  Pikel (D:5)
  Maggie (D:7)
  A hornet (D:9)
  3 yaks (D:9)
  A wyvern (D:7)
  2 water moccasins
  3 orc warriors (D:9)
  A black bear (D:6)
  An ogre (D:4)
  A sky beast (D:7)
  3 centaurs
  A lemure (Temple)
  3 kobold brigands
  Blork the orc (D:5)
  2 necrophages
  A bullfrog (D:7)
  4 scorpions
  4 wights
  4 orc priests
  Crazy Yiuf (D:3)
  2 gnoll boudas
  4 hounds
  A jelly (D:6)
  6 iguanas
  Ijyb (D:5)
  Natasha (thrice) (D:2)
  5 orc wizards
  Robin (D:2)
  7 adders
  12 gnolls
  A shadow imp (D:7)
  2 worms (D:2)
  13 dart slugs
  20 orcs
  10 ball pythons
  13 endoplasms
  2 giant cockroaches
  8 goblins
  9 hobgoblins
  3 jackals (D:1)
  20 kobolds
  8 quokkas
  5 bats
  2 frilled lizards
  3 rats
202 creatures vanquished.

Vanquished Creatures (others)
  6 plants
6 creatures vanquished.

Grand Total: 208 creatures vanquished

Notes
Turn   | Place    | Note
-------+----------+-------------------------------------------
     0 | D:1      | apoch the Minotaur Fighter began the quest for the Orb.
     0 | D:1      | Reached XP level 1. HP: 19/19 MP: 0/0
    21 | D:1      | Reached XP level 2. HP: 27/27 MP: 1/1
   419 | D:1      | Reached XP level 3. HP: 33/33 MP: 2/2
   791 | D:2      | Noticed Robin
   805 | D:2      | Killed Robin
   806 | D:2      | Reached XP level 4. HP: 36/40 MP: 3/3
   858 | D:2      | Noticed Natasha
   869 | D:2      | Killed Natasha
   881 | D:2      | Noticed Natasha
   888 | D:2      | Killed Natasha
   928 | D:2      | Reached XP level 5. HP: 47/47 MP: 4/4
   928 | D:2      | Noticed Natasha
   938 | D:2      | Killed Natasha
   939 | D:2      | Reached skill level 5 in Axes
  1175 | D:2      | Found a faded altar of an unknown god.
  2012 | D:3      | Reached skill level 5 in Armour
  2149 | D:3      | Reached skill level 5 in Fighting
  2550 | D:3      | Reached XP level 6. HP: 38/56 MP: 5/5
  2694 | D:3      | Found a runed translucent door.
  2695 | D:3      | Noticed Crazy Yiuf
  2812 | D:3      | Killed Crazy Yiuf
  3762 | D:4      | Found an iron altar of Okawaru.
  3822 | D:4      | Identified the +1 leather armour of Understanding {rElec
                  | rC- Str+2}
  4077 | D:4      | Found a shimmering altar of Xom.
  4237 | D:5      | Entered Level 5 of the Dungeon
  4270 | D:5      | Reached XP level 7. HP: 40/62 MP: 6/6
  4484 | D:5      | Noticed Ijyb
  4491 | D:5      | Noticed Blork the orc
  4493 | D:5      | Killed Ijyb
  4502 | D:5      | Killed Blork the orc
  4509 | D:5      | Noticed Pikel
  4706 | D:5      | Found a staircase to the Ecumenical Temple.
  4720 | Temple   | Entered the Ecumenical Temple
  5026 | Temple   | Became a worshipper of Cheibriados the Contemplative
  5271 | D:5      | Killed Pikel
  5272 | D:5      | Reached XP level 8. HP: 73/73 MP: 7/7
  5601 | D:5      | Found a glowing silver altar of Zin.
  6208 | D:6      | Reached skill level 1 in Invocations
  6279 | D:6      | Identified the +8 scale mail of the Fiddle {Fly rC+ Int+7
                  | Dex-2}
  6470 | D:6      | Reached * piety under Cheibriados
  6471 | D:6      | Reached skill level 10 in Axes
  6668 | D:7      | Found a glowing golden altar of the Shining One.
  6708 | D:7      | Noticed Maggie
  6717 | D:7      | Killed Maggie
  6718 | D:7      | Reached XP level 9. HP: 49/81 MP: 9/9
  6909 | D:7      | Found a basalt altar of Yredelemnul.
  6931 | D:7      | Noticed a two-headed ogre
  6935 | D:7      | Killed a two-headed ogre
  7013 | D:7      | Found a sparkling altar of Nemelex Xobeh.
  7030 | D:7      | Found an opulent altar of Gozag.
  7123 | D:7      | Found a broken altar of Ashenzari.
  7574 | D:7      | Reached ** piety under Cheibriados
  7835 | D:7      | Found a blossoming altar of Fedhas.
  7836 | D:7      | Found an ancient bone altar of Kikubaaqudgha.
  7860 | D:7      | Reached skill level 5 in Invocations
  7980 | D:8      | You fall into a shaft and drop 1 floor!
  8036 | D:9      | Reached XP level 10. HP: 77/93 MP: 12/12
  8137 | D:9      | Noticed a two-headed ogre
  8147 | D:9      | Killed a two-headed ogre
  8148 | D:9      | Reached skill level 10 in Fighting
  8148 | D:9      | Reached skill level 10 in Armour
  8148 | D:9      | Reached skill level 1 in Dodging
  8531 | D:9      | Reached *** piety under Cheibriados
  8533 | D:9      | Slain by a troll

Illustrated notes

Levels and vault maps discovered:
D:1:      giann_forest_graveyard, layout_loops_ring, serial_forest,
          infiniplex_forest_lined_room_, infiniplex_forest_lined_ring,
          infiniplex_forest_clump_curved, infiniplex_forest_straight_2,
          infiniplex_forest_end_3, infiniplex_forest_clump_double,
          nicolae_grassy_gnolls
D:2:      layout_basic, ebering_ecumenical_altar_abandoned, roderic_lattice_a,
          st_stairs_2, uniq_natasha, uniq_robin
D:3:      layout_basic, uniq_crazy_yiuf_cottage
D:4:      layout_cave_pools, kennysheep_little_box, okawaru_metal_pillars_1_2
D:5:      kennysheep_slugbush, layout_rooms, amcnicky_altar_gilded,
          minmay_temple_entry_antechambers, uniq_pikel, uniq_blork_the_orc,
          uniq_ijyb
D:6:      layout_basic, eino_curves_04
D:7:      layout_rooms, grunt_temple_overflow_opulence,
          mainiacjoe_overflow_paths, tso_oasis_becter,
          mainiacjoe_overflow_alcove_1, grunt_temple_overflow_growth_and_decay,
          uniq_maggie
D:8:      layout_basic, uniq_gastronok, uniq_grum
D:9:      minmay_chambers_of_sixes, layout_layer_cave, orc_david_3
Temple:   nicolae_temple_slightly_damp_pantheon

Skill      XL: |  1  2  3  4  5  6  7  8  9 10 |
---------------+-------------------------------+-----
Axes           | 3 4 5 6 9 10 | 10.0
Fighting       | 4 5 7 8 9 10 | 10.0
Armour         | 4 5 7 8 9 10 | 10.0
Invocations    | 2 5 6 |  6.8
Dodging        | 4 |  4.0
Shields        | |  3.6

Action                   |  1- 3 |  4- 6 |  7- 9 | 10-12 || total
-------------------------+-------+-------+-------+-------++-------
Melee: War axe           |    60 |   161 |   228 |    58 ||   507
       Headbutt          |     5 |    27 |    46 |    16 ||    94
Throw: Stone             |    16 |    37 |    19 |     6 ||    78
       Javelin           |       |       |     9 |     3 ||    12
Invok: Bend Time         |       |       |       |     1 ||     1
  Use: Scroll            |       |    11 |     5 |       ||    16
       Potion            |       |       |     4 |       ||     4
Armor: Scale mail        |    39 |    22 |     7 |       ||    68
       Plate armour      |       |    69 |   103 |       ||   172
       Swamp dragon scal |       |       |    37 |    16 ||    53
Dodge: Dodged            |    31 |    51 |    83 |    33 ||   198
Block: Buckler           |    18 |    31 |    50 |    13 ||   112
